 Dungeon Crawl Stone Soup version 0.30-a0-859-gf88a04b62d (webtiles) character file.

Game seed: 5880973508820416673

2157345 ragingrage the Imperceptible (level 27, 251/251 HPs)
             Began as an Armataur Enchanter on Mar 6, 2023.
             Was the Champion of Dithmenos.
             Escaped with the Orb
             ... and 4 runes!
             The game lasted 02:49:22 (80965 turns).

ragingrage the Imperceptible (Armataur Enchanter)  Turns: 80965, Time: 02:49:22

Health: 251/251    AC: 42    Str: 12    XL:     27
Magic:  35/35      EV: 12    Int: 22    God:    Dithmenos [******]
Gold:   3375       SH: 21    Dex: 27    Spells: 13/42 levels left

rFire   + + .      SeeInvis .    a - +9 demon blade (freeze)
rCold   + . .      Faith    .    X - +5 Storm Queen's Shield {shock, Fly rElec}
rNeg    . . .      Spirit   .    E - +4 chain mail of Waymid {rPois rC+ Dex+2}
rPois   +          Reflect  .    g - +2 hat
rElec   +          Roll     +    V - +2 cloak {rCorr}
rCorr   +                        l - +3 pair of gloves of the Untouchables {rF+ Stlth+}
Will    ++...                    n - +0 barding of Qutasi {rF+ Int+4 Dex+3 Stlth+}
Stlth   ++++++                   G - amulet of regeneration
HPRegen 1.41/turn                F - +5 ring of evasion
MPRegen 0.24/turn                Q - +4 ring of protection

@: flying, wreathed by umbra
A: large, rugged brown scales 3, deformed body, armoured tail, roll, long
tongue, awkward tongue, horns 1, mutation resistance 1, weak 1, inability to
drink after injury 1
0: Orb of Zot
}: 4/15 runes: decaying, serpentine, slimy, abyssal
a: Renounce Religion, Shadow Step, Shadow Form


You escaped.
You worshipped Dithmenos.
Dithmenos was exalted by your worship.
You visited 11 branches of the dungeon, and saw 52 of its levels.
You visited the Abyss 4 times.
You also visited: Bailey and Wizlab.

You collected 6351 gold pieces.
You spent 2976 gold pieces at shops.

Inventory:

Hand Weapons
 a - a +9 demon blade of freezing (weapon)
 b - a +9 dagger of electrocution
 c - the +11 Singing Sword {sonic wave}
   (You found it on level 5 of the Pits of Slime)
Missiles
 M - 14 curare-tipped darts
Armour
 g - a +2 hat (worn)
 l - the +3 pair of gloves of the Untouchables (worn) {rF+ Stlth+}
   (You found it on level 13 of the Dungeon)

   rF:        It protects you from fire.
   Stlth:     It makes you more stealthy.
 n - the +0 barding of Qutasi (worn) {rF+ Int+4 Dex+3 Stlth+}
   (You acquired it on level 12 of the Dungeon)

   Int:       It affects your intelligence (+4).
   Dex:       It affects your dexterity (+3).
   rF:        It protects you from fire.
   Stlth:     It makes you more stealthy.
 E - the +4 chain mail of Waymid (worn) {rPois rC+ Dex+2}
   (You bought it in a shop on level 2 of the Orcish Mines)

   Dex:       It affects your dexterity (+2).
   rC:        It protects you from cold.
   rPois:     It protects you from poison.
 V - a +2 cloak of preservation (worn)
 W - a +2 helmet of see invisible
 X - the +5 Storm Queen's Shield (worn) {shock, Fly rElec}
   (You bought it in a shop on level 2 of the Orcish Mines)

   Shock:     When it blocks an attack, it may electrocute the attacker.
   This works even against foes who are a short distance away.
   rElec:     It insulates you from electricity.
   Fly:       It grants you flight.
Jewellery
 F - a +5 ring of evasion (left hand)
 G - an amulet of regeneration (around neck)
 Q - a +4 ring of protection (right hand)
Wands
 s - a wand of roots (45)
 t - a wand of paralysis (46)
 Z - a wand of digging (4)
Scrolls
 f - a scroll of enchant weapon
 h - 6 scrolls of torment
 i - 28 scrolls of teleportation
 j - a scroll of silence
 k - 10 scrolls of poison
 p - 5 scrolls of summoning
 q - 5 scrolls of magic mapping
 r - a scroll of amnesia
 x - 8 scrolls of vulnerability
 y - 2 scrolls of blinking
 N - 9 scrolls of fog
 P - 9 scrolls of fear
 T - 6 scrolls of immolation
Potions
 d - 6 potions of brilliance
 e - 6 potions of resistance
 m - 4 potions of cancellation
 o - 3 potions of attraction
 u - 5 potions of ambrosia
 w - 12 potions of flight
 z - 4 potions of berserk rage
 A - 8 potions of lignification
 B - 4 potions of magic
 H - 10 potions of might
 I - a potion of haste
 J - a potion of mutation
 O - 2 potions of invisibility
 S - 13 potions of curing
 U - 9 potions of heal wounds
Miscellaneous
 C - a phial of floods
 D - a piece from Xom's chessboard (15/15)
 K - a box of beasts
 L - a tin of tremorstones (2/2)
 R - a condenser vane
 Y - a phantom mirror


   Skills:
 - Level 17.0 Fighting
 - Level 11.8(14.7) Short Blades
 - Level 14.3(16.0) Long Blades
 + Level 23.3 Armour
 - Level 7.0 Dodging
 + Level 24.8 Stealth
 - Level 15.0 Shields
 - Level 8.0 Spellcasting
 - Level 3.0 Conjurations
 - Level 14.1 Hexes
 - Level 12.0 Translocations
 - Level 9.0 Transmutations
 - Level 6.0 Ice Magic
 - Level 4.0 Earth Magic
 - Level 10.0 Invocations
 - Level 16.0 Evocations


You had 13 spell levels left.
You knew the following spells:

 Your Spells              Type           Power      Damage    Failure   Level
a - Wereblood             Tmut           48%        N/A       2%          2
b - Confusing Touch       Hex            63%        N/A       1%          3
c - Ensorcelled Hibernat  Hex/Ice        100%       N/A       1%          2
d - Tukima's Dance        Hex            63%        N/A       1%          3
e - Blink                 Tloc           100%       N/A       1%          2
f - Passwall              Tmut/Erth      30%        N/A       8%          2
g - Manifold Assault      Tloc           57%        N/A       5%          4
h - Swiftness             Air            8%         N/A       91%         3
i - Yara's Violent Unrav  Hex/Tmut       28%        3d12      19%         5
j - Ozocubu's Armour      Ice            35%        N/A       19%         3

Your spell library contained the following spells:

 Spells                   Type           Power      Damage    Failure   Level
 Apportation              Tloc           100%       N/A       1%          1
 Lesser Beckoning         Tloc           100%       N/A       1%          2
 Gell's Gravitas          Tloc           57%        N/A       1%          3
 Teleport Other           Tloc           57%        N/A       1%          3
 Momentum Strike          Conj/Tloc      82%        3d10      4%          2
 Passage of Golubria      Tloc           57%        N/A       5%          4
 Dazzling Flash           Conj/Hex       92%        N/A       7%          3
 Inner Flame              Hex/Fire       39%        N/A       12%         3
 Summon Guardian Golem    Hex/Summ       39%        N/A       12%         3
 Sandblast                Erth           52%        2d12      14%         1
 Frozen Ramparts          Ice            70%        1d11      19%         3
 Vhi's Electric Charge    Tloc/Air       70%        N/A       19%         3
 Magic Dart               Conj           88%        1d7       22%         1
 Ice Form                 Ice/Tmut       41%        N/A       32%         4
 Metabolic Englaciation   Hex/Ice        26%        N/A       32%         5
 Hailstorm                Conj/Ice       28%        3d8       34%         3
 Foxfire                  Conj/Fire      60%        2x1d7     36%         1
 Kiss of Death            Conj/Necr      60%        2d10      36%         1
 Shock                    Conj/Air       60%        1d6       36%         1
 Anguish                  Hex/Necr       19%        N/A       38%         4
 Stone Arrow              Conj/Erth      48%        3d10      45%         3
 Petrify                  Tmut/Erth      37%        N/A       45%         4
 Blade Hands              Tmut           24%        N/A       45%         5
 Static Discharge         Conj/Air       30%        2-4/arc   52%         2
 Necrotise                Necr           32%        1d5       58%         1
 Summon Small Mammal      Summ           32%        N/A       58%         1
 Dispersal                Tloc           28%        N/A       63%         6
 Call Imp                 Summ           8%         N/A       73%         2
 Cigotuvi's Dreadful Rot  Necr/Pois/Air  16%        N/A       73%         2
 Sublimation of Blood     Necr           8%         N/A       73%         2
 Silence                  Hex/Air        19%        N/A       75%         5
 Summon Mana Viper        Hex/Summ       39%        N/A       75%         5
 Mephitic Cloud           Conj/Pois/Air  13%        N/A       82%         3
 Summon Forest            Summ/Tloc      17%        N/A       86%         5
 Enfeeble                 Hex            31%        N/A       88%         7
 Call Canine Familiar     Summ           8%         N/A       91%         3
 Summon Ice Beast         Ice/Summ       22%        N/A       91%         4
 Animate Armour           Summ/Erth      34%        N/A       97%         4
 Alistair's Intoxication  Tmut/Pois      18%        N/A       97%         5
 Flame Wave               Conj/Fire      15%        2d7       98%         4
 Sticky Flame             Conj/Fire      15%        2d4       98%         4
 Iskenderun's Battlesphe  Conj           22%        2d8       99%         5
 Airstrike                Air            4%         2d(1-17)  100%        4
 Animate Dead             Necr           8%         N/A       100%        4
 Dispel Undead            Necr           8%         3d8       100%        4
 Olgreb's Toxic Radiance  Pois           8%         N/A       100%        4
 Summon Lightning Spire   Summ/Air       8%         N/A       100%        4
 Agony                    Necr           8%         N/A       100%        5
 Arcjolt                  Conj/Air       7%         1d17      100%        5
 Borgnjor's Vile Clutch   Necr/Erth      8%         N/A       100%        5
 Fireball                 Conj/Fire      7%         3d5       100%        5
 Lightning Bolt           Conj/Air       7%         1d20      100%        5
 Conjure Ball Lightning   Conj/Air       7%         3x3d6     100%        6
 Death Channel            Necr           4%         N/A       100%        6
 Eringya's Noxious Bog    Tmut/Pois      14%        N/A       100%        6
 Iron Shot                Conj/Erth      12%        9d3       100%        6
 Simulacrum               Ice/Necr       11%        N/A       100%        6
 Starburst                Conj/Fire      7%         6d4       100%        6
 Haunt                    Necr/Summ      4%         N/A       100%        7
 Orb of Destruction       Conj           11%        9d6       100%        7
 Ozocubu's Refrigeration  Ice            17%        4d11      100%        7
 Storm Form               Tmut/Air       14%        N/A       100%        7
 Summon Hydra             Summ           4%         N/A       100%        7
 Borgnjor's Revivificati  Necr           4%         N/A       100%        8
 Discord                  Hex            31%        N/A       100%        8
 Ignition                 Fire           4%         3d4       100%        8
 Infestation              Necr           4%         N/A       100%        8
 Lehudib's Crystal Spear  Conj/Erth      12%        10d4      100%        8
 Maxwell's Capacitive Co  Air            4%         ∞         100%        8
 Necromutation            Tmut/Necr      14%        N/A       100%        8
 Chain Lightning          Conj/Air       7%         3d10      100%        9
 Death's Door             Necr           4%         N/A       100%        9
 Fire Storm               Conj/Fire      7%         8d2       100%        9
 Polar Vortex             Ice            17%        N/A       100%        9
 Shatter                  Erth           13%        3d13*     100%        9


Dungeon Overview and Level Annotations

Branches:
Dungeon (15/15)            Temple (1/1) D:5            Lair (5/5) D:10
  Swamp (4/4) Lair:3        Snake (4/4) Lair:3        Slime (5/5) Lair:5
    Orc (2/2) D:10            Elf (3/3) Orc:2        Vaults (4/5) D:13
  Crypt (0/3) Vaults:2     Depths (4/4) D:15            Zot (5/5) Depths:4
 Bailey (visited)          WizLab (visited)

Altars:
Ashenzari
Cheibriados
Dithmenos
Elyvilon
Fedhas
Gozag
Hepliaklqana
Kikubaaqudgha
Makhleb
Nemelex Xobeh
Okawaru
Qazlal
Ru
Sif Muna
Trog
Uskayaw
Vehumet
Wu Jian
Xom
Yredelemnul
Zin
The Shining One
Jiyva

Shops:
D:15 (   Orc:1 *   Orc:2 *:[(   Elf:2 *   Elf:3 :*(*   Vaults:2 (   Vaults:4 :
Depths:1 (   Depths:2 :

Portals:
Hell: Depths:1 Depths:2 Depths:3 Depths:4
Abyss: Depths:2 Depths:3
Pandemonium: Depths:2 Depths:3
Ziggurat: Depths:1

Annotations:
D:7 1 exclusion
Elf:1 Dig
Depths:3 3 runed translucent doors, Guhiopysh's ghost, adept TrMo
Zot:2 4 transporters
Abyss:1 Bai Suzhen, Mennas, Roxanne, Xtahua


Innate Abilities, Weirdness & Mutations

You are completely covered in rugged brown scales. (AC +3, +7% HP)
Armour fits poorly on your strangely shaped body.
You have a long armoured tail.
You roll when moving toward enemies. (Rampage)
Your long tongue fully drains potion bottles. (2x potion effects)
Your tongue gives you trouble enunciating. (1.5x scroll delay)
You have a pair of small horns on your head.
You are somewhat resistant to further mutation.
You are weak. (Str -2)
You occasionally lose the ability to drink potions when taking damage.


Message History

You hit the angel but do no damage. Your headbutt misses the angel.
You tail-slap the angel!
Your shadow hits the angel but does no damage.
You block the angel's attack.
Your shield discharges, shocking the angel!
The angel resists.
You block the angel's attack. The toenail golem closely misses you.
You barely miss the angel. You headbutt the angel.
You tail-slap the angel, but do no damage.
You block the angel's attack. The angel hits you but does no damage.
The toenail golem hits you but does no damage.
You slash the angel! You freeze the angel.
You kill the angel!
Dithmenos accepts your kill.
You swing at nothing.
You block the toenail golem's attack.
You slash the toenail golem! You freeze the toenail golem.
Your shadow hits the toenail golem with a demon blade.
The toenail golem hits you but does no damage.
You slash the toenail golem! You freeze the toenail golem.
You tail-slap the toenail golem.
Your shadow hits the toenail golem but does no damage.
You block the toenail golem's attack.
You hit the toenail golem. Your headbutt misses the toenail golem.
You tail-slap the toenail golem. You slash the toenail golem!
You freeze the toenail golem. Your headbutt misses the toenail golem.
Your tail-slap misses the toenail golem.
You block the toenail golem's attack.
Your shield discharges, shocking the toenail golem!
The toenail golem resists.
You hit the toenail golem.
You destroy the toenail golem!
Dithmenos accepts your kill.
(D) Dungeon (T) Temple (L) Lair (S) Swamp (P) Snake Pit (M) Slime Pits (O) Orcish Mines (E) Elven Halls (V) Vaults (C) Crypt (U) Depths (H) Hell (Z) Zot
Where to? (Enter - D:1 @ (x,y), ? - help)
There is a stone staircase leading up here.
You fly upwards.
There is a stone staircase leading down here.
There is a staircase leading out of the dungeon here.
You have escaped!

♣♣~~♣#♣♣...#.##...##...#...#.#
♣P~~♣.............##.#.#.#.#.#
♣♣~.♣##[##.............#.....#
♣~.P♣....#.(#....#########.###
....#.#..#(.#......## #.#
...##.####..........## ###.#
##.#....).....⌠......###.#.#
...#..####....3.......##.#.#
##.#..#........>@.∩...##.#.#
##.#..#.##............##.#.#
#.#..#.##....⌠.......##.#.#
#.#.....................#.#
#.##.#.#...#......##.####.#
##.##.#....................#
...##.......#########.######
#########.#.# #......#
#.#.####.######


You could see a sixfirhy.

Vanquished Creatures
  the Royal Jelly (Slime:5)
  Dissolution (Slime:1)
  2 dread liches
  3 ancient liches (Zot:5)
  4 orbs of fire
  A juggernaut (Depths:3)
  the Lernaean hydra (Swamp:4)
  Boris (Depths:3)
  Parghit (Zot:3)
  7 Killer Klowns (Zot:5)
  Saint Roka (Snake:4)
  A caustic shrike (Depths:3)
  6 golden dragons
  Nikola (Snake:1)
  A Brimstone Fiend (Depths:2)
  2 electric golems
  Zenata (Vaults:1)
  A hellephant (Abyss:4)
  Jorgrun (Swamp:2)
  13 tentacled monstrosities
  27 Orb Guardians
  A lich (Depths:2)
  Mlioglotl (Snake:4)
  7 quicksilver dragons
  A walking frostbound tome (Depths:3)
  A walking divine tome (Depths:3)
  20 acid blobs
  Asterion (Snake:3)
  4 sphinxes
  3 deep elf blademasters
  A deep elf master archer (Elf:3)
  8 death cobs
  A tentacled starspawn (Abyss:3)
  An Executioner (Depths:2)
  A thorn hunter (Abyss:4)
  Agnes (Snake:1)
  Gastronok (D:8)
  12 storm dragons
  3 tengu reavers
  7 shadow dragons
  A fenstrider witch (Swamp:1)
  15 rockslimes
  5 nagarajas
  7 fire giants
  7 draconian monks
  11 azure jellies
  4 frost giants
  An iron dragon (Depths:3)
  4 draconian knights
  3 ghost moths
  9 deep elf sorcerers
  Louise (Swamp:2)
  2 ghouls (Swamp:4)
  4 draconian scorchers
  A curse skull (Zot:2)
  10 vault wardens
  A cacodemon (Depths:2)
  A shard shrike simulacrum (Abyss:4)
  An angel (D:2)
  5 deep elf elementalists
  8 draconian shifters
  9 quicksilver oozes
  A spriggan defender (Depths:3)
  6 draconian stormcallers
  2 orc warlords
  Aizul (Snake:3)
  13 very ugly things
  6 draconian annihilators
  5 war gargoyles
  8 stone giants
  10 ironbound thunderhulks
  8 ironbound preservers
  12 green draconians
  2 vampire knights (Depths:3)
  12 black draconians
  A bunyip (Swamp:3)
  2 eleionomae
  9 deep elf demonologists
  13 white draconians
  3 spark wasps (Depths:3)
  16 red draconians
  17 purple draconians
  5 dire elephants
  4 deep elf annihilators (Elf:3)
  10 yellow draconians
  An ettin (Vaults:4)
  A blizzard demon (Depths:2)
  7 deep elf death magi
  A shambling mangrove (Swamp:3)
  Josephine (D:11)
  A deep elf high priest (Elf:3)
  2 crystal guardians (WizLab)
  3 fire dragons
  A quicksilver dragon zombie (D:15)
  5 vault guards
  Fannar (D:12)
  2 entropy weavers
  7 great orbs of eyes
  6 yaktaur captains
  5 peacekeepers
  4 salamander tyrants
  4 rakshasas
  10 ice dragons
  3 ghost crabs
  25 hydras
  2 catoblepae
  2 boulder beetles
  2 spriggan air magi
  11 anacondas
  4 alligators
  An anaconda (shapeshifter) (Elf:3)
  4 ironbound frosthearts
  27 dancing weapons
  15 naga warriors
  A deep troll earth mage (Depths:2)
  8 centaur warriors
  4 two-headed ogres
  A deep troll shaman (Depths:2)
  3 tengu warriors (D:15)
  6 shock serpents
  A vampire mage (Depths:2)
  4 hell hogs (Depths:1)
  Sonja (D:12)
  5 spriggan berserkers
  6 spriggans
  A sun demon (Depths:1)
  4 orc high priests (Orc:2)
  6 naga sharpshooters
  A shadow wraith (Depths:3)
  10 hell knights (Depths:2)
  An iron troll (Depths:2)
  12 deep elf knights
  7 salamander mystics
  2 skysharks
  A sixfirhy (Depths:3)
  3 soul eaters (Depths:1)
  2 spark wasp zombies
  3 goliath frogs
  7 skeletal warriors
  3 spatial maelstroms
  A shadow demon (Zot:1)
  2 spriggan druids
  A wretched star (Abyss:4)
  2 glowing orange brains
  36 deep trolls
  4 bog bodies
  3 flayed ghosts
  An obsidian statue (Zot:2)
  9 swamp dragons
  7 naga ritualists
  5 wizards
  A golden dragon skeleton (Depths:1)
  3 harpies (Vaults:1)
  7 deep elf archers
  13 ironbound convokers
  9 necromancers
  8 orc knights
  A wolf spider zombie (D:14)
  12 lindwurms
  3 steelbarb worms (Swamp:3)
  16 deep elf zephyrmancers
  27 deep elf pyromancers
  A tengu skeleton (Depths:1)
  A sphinx skeleton (D:15)
  2 oklob plants (Zot:2)
  7 mana vipers
  37 ugly things
  3 will-o-the-wisps
  5 shining eyes
  5 orc sorcerers
  21 salamanders
  3 cyclopes
  A cyclops (shapeshifter) (Depths:1)
  2 manticores (D:15)
  27 elephants
  A toenail golem (D:2)
  24 moths of wrath
  2 centaur zombies (D:14)
  A water nymph (shapeshifter) (Depths:2)
  A titan simulacrum (Depths:1)
  A torpor snail (Lair:2)
  3 guardian serpents
  29 black mambas
  3 molten gargoyles
  8 gargoyles
  3 smoke demons
  2 stone giant skeletons
  8 cane toads
  21 naga magi
  An apocalypse crab (Abyss:4)
  14 vault sentinels
  3 eyes of devastation
  2 hellions
  Psyche (D:8)
  5 rime drakes
  10 komodo dragons
  29 yaktaurs
  An efreet (D:11)
  A freezing wraith (Vaults:3)
  2 polar bears
  6 tengu conjurers
  2 ancient zymes (Abyss:4)
  10 trolls
  A harpy zombie (D:14)
  A yaktaur skeleton (Abyss:4)
  9 hornets
  3 large abominations (Abyss:4)
  12 tyrant leeches
  A raiju (shapeshifter) (Elf:3)
  2 spriggan zombies (Depths:1)
  99 slime creatures
  5 water elementals
  A jumping spider (Vaults:4)
  7 wyverns
  2 shadows
  An air elemental (Abyss:4)
  6 wraiths
  A spriggan (shapeshifter) (D:14)
  52 yaks
  3 humans (shapeshifter)
  A wyvern (shapeshifter) (D:11)
  3 vampires
  An elf zombie (Vaults:3)
  7 fire elementals
  2 redbacks
  4 golden eyes (Slime:5)
  Grum (D:11)
  A neqoxec (Abyss:4)
  2 steam dragons
  12 basilisks
  8 vampire mosquitoes
  4 spatial vortices (Abyss:4)
  4 wargs
  A chaos spawn (Depths:2)
  An acid dragon (shapeshifter) (Vaults:4)
  46 nagas
  A glowing shapeshifter zombie (Vaults:3)
  15 swamp worms
  3 acid dragons
  3 hell hounds (Lair:5)
  2 floating eyes
  26 water moccasins
  9 swamp drakes
  2 sky beasts (D:7)
  An ice beast (D:5)
  An ice beast (shapeshifter) (Elf:3)
  An ettin simulacrum (Vaults:3)
  22 orc warriors
  4 ogres
  12 wolves
  A boggart (D:11)
  15 centaurs
  A phantom (D:4)
  13 bullfrogs
  4 kobold brigands
  A necrophage (Swamp:4)
  3 earth elementals
  3 gnoll sergeants
  3 small abominations (Abyss:4)
  5 wights (D:7)
  16 killer bees
  6 electric eels
  3 howler monkeys
  3 gnoll boudas
  6 jellies
  7 lava snakes
  A quasit (D:7)
  16 orc priests
  4 hounds
  Ijyb (D:3)
  2 boggart zombies (D:14)
  4 iguanas
  A sleepcap (D:8)
  19 orc wizards
  6 lightning spires
  20 gnolls
  5 adders
  5 shadow imps
  2 white imps
  An ufetubus (D:7)
  4 worms
  4 dart slugs
  62 orcs
  10 endoplasms
  2 giant cockroaches
  11 hobgoblins
  6 jackals
  4 quokkas
  7 ball pythons
  3 bats
  A frilled lizard (D:1)
  6 goblins
  42 kobolds
  2 rats
1916 creatures vanquished.

Vanquished Creatures (collateral kills)
  An electric golem (Zot:5)
  A tentacled monstrosity (Zot:5)
  A quicksilver dragon (Zot:4)
  An acid blob (Slime:5)
  3 rockslimes (Slime:5)
  A draconian monk (Zot:4)
  A balrug (Depths:2)
  A draconian shifter (Zot:5)
  A stone giant (Depths:1)
  2 white draconians (Zot:5)
  A purple draconian (Zot:5)
  A red draconian (Zot:5)
  2 naga sharpshooters
  A sun demon (Depths:1)
  An orc sorcerer (Orc:2)
  An ugly thing (Depths:1)
  A yaktaur (Vaults:2)
  2 nagas
  5 orc warriors
  A gnoll sergeant (D:8)
  A kobold brigand (D:8)
  5 wights
  2 gnolls (D:8)
  An orc (Orc:2)
38 creatures vanquished.

Vanquished Creatures (others)
  A draconian knight (Zot:5)
  A fire giant (Depths:1)
  A draconian stormcaller (Zot:1)
  A dire elephant (Abyss:4)
  A deep elf death mage (Elf:3)
  A hell knight (Depths:1)
  A deep elf knight (Elf:1)
  A death drake (Swamp:2)
  A wizard (Vaults:3)
  A deep elf zephyrmancer (Elf:3)
  An ugly thing (Depths:2)
  A smoke demon (Abyss:3)
  A bloated husk (Swamp:2)
  13 dancing weapons
  A wyvern (Lair:5)
  A spriggan (Swamp:2)
  A chaos spawn (Abyss:4)
  A spatial vortex (Abyss:4)
  A swamp drake (Swamp:2)
  A sleepcap (D:5)
  3 demonic plants (D:7)
  18 foxfires
  80 fungi
  207 plants
340 creatures vanquished.

Grand Total: 2294 creatures vanquished

Notes
Turn   | Place    | Note
-------+----------+-------------------------------------------
     0 | D:1      | ragingrage the Armataur Enchanter began the quest for the
                  | Orb.
     0 | D:1      | Reached XP level 1. HP: 14/14 MP: 3/3
     9 | D:1      | Reached skill level 1 in Short Blades
   226 | D:1      | Reached XP level 2. HP: 17/21 MP: 4/4
   258 | D:1      | Found a faded altar of an unknown god.
   972 | D:2      | Reached XP level 3. HP: 27/27 MP: 5/5
   984 | D:2      | Learned a level 2 spell: Ensorcelled Hibernation
   996 | D:2      | Learned a level 3 spell: Confusing Touch
  1259 | D:2      | Reached skill level 4 in Stealth
  2201 | D:3      | Reached XP level 4. HP: 35/35 MP: 6/6
  2224 | D:3      | Reached skill level 1 in Ice Magic
  2523 | D:3      | Found a bloodstained altar of Trog.
  2630 | D:3      | Found an iron altar of Okawaru.
  3120 | D:4      | Noticed Ijyb
  3124 | D:4      | Paralysed by Ijyb for 4 turns
  3141 | D:3      | Killed Ijyb
  3142 | D:3      | Reached XP level 5. HP: 32/40 MP: 3/7
  3312 | D:4      | Found a sacrificial altar of Ru.
  3713 | D:4      | Noticed a phantom
  3728 | D:4      | Killed a phantom
  3729 | D:4      | Reached XP level 6. HP: 47/48 MP: 8/8
  3778 | D:5      | Entered Level 5 of the Dungeon
  3926 | D:5      | Found a staircase to the Ecumenical Temple.
  3956 | D:5      | Reached XP level 7. HP: 31/53 MP: 3/9
  3961 | Temple   | Entered the Ecumenical Temple
  4117 | Temple   | Became a worshipper of Dithmenos the Shadowed
  4239 | D:5      | Noticed a yak
  4270 | D:5      | Killed a yak
  4271 | D:5      | Reached skill level 5 in Hexes
  4357 | D:5      | Learned a level 3 spell: Ozocubu's Armour
  4430 | D:5      | Noticed a yak
  4487 | D:5      | Noticed a yak
  4632 | D:5      | Noticed a yak
  4636 | D:5      | Killed a yak
  4637 | D:5      | Reached skill level 5 in Short Blades
  4637 | D:5      | Reached XP level 8. HP: 43/60 MP: 4/10
  4871 | D:5      | Found a glowing silver altar of Zin.
  5217 | D:5      | Found a hide-covered altar of Uskayaw.
  6076 | D:6      | Found a snail-covered altar of Cheibriados.
  6086 | D:6      | Found a white marble altar of Elyvilon.
  6267 | D:6      | Reached skill level 5 in Ice Magic
  6315 | D:6      | Reached * piety under Dithmenos
  6530 | D:6      | Reached XP level 9. HP: 55/66 MP: 8/12
  7097 | D:7      | Found a flagged portal.
  7178 | Bailey   | Entered a bailey
  7239 | Bailey   | Reached ** piety under Dithmenos
  7346 | Bailey   | Learned a level 3 spell: Tukima's Dance
  7501 | Bailey   | Reached XP level 10. HP: 73/73 MP: 13/13
  7501 | Bailey   | Reached XP level 11. HP: 79/79 MP: 14/14
  7648 | Bailey   | Noticed an orc knight
  7674 | Bailey   | Killed an orc knight
  7674 | Bailey   | HP: 3/79 [orc warrior/+0 trident (16)]
  7675 | Bailey   | Reached skill level 1 in Armour
  7732 | Bailey   | Noticed an orc knight
  7754 | Bailey   | Killed an orc knight
  7755 | Bailey   | Reached skill level 1 in Invocations
  7755 | Bailey   | Reached skill level 1 in Evocations
  8031 | D:7      | Reached skill level 1 in Fighting
  8227 | D:7      | Learned a level 2 spell: Blink
  8886 | D:7      | Reached *** piety under Dithmenos
  9078 | D:8      | Noticed Psyche
  9213 | D:8      | Reached skill level 1 in Translocations
  9308 | D:8      | Reached skill level 5 in Stealth
 10021 | D:8      | Killed Psyche
 10330 | D:8      | Noticed Gastronok
 10547 | D:8      | Found a blossoming altar of Fedhas.
 10605 | D:8      | Killed Gastronok
 10606 | D:8      | Reached skill level 1 in Shields
 10800 | D:8      | Noticed an oklob plant
 11170 | D:9      | Reached XP level 12. HP: 90/90 MP: 16/16
 11371 | D:9      | Reached **** piety under Dithmenos
 12009 | D:9      | Learned a level 2 spell: Passwall
 12490 | D:10     | Entered Level 10 of the Dungeon
 12803 | D:10     | Found a staircase to the Lair.
 12935 | D:10     | Reached skill level 1 in Earth Magic
 13181 | D:10     | Found a staircase to the Orcish Mines.
 13209 | D:10     | Reached skill level 1 in Transmutations
 13383 | D:10     | Reached skill level 6 in Stealth
 13920 | D:11     | Reached ***** piety under Dithmenos
 13988 | D:11     | Noticed a rakshasa
 13998 | D:11     | Killed a rakshasa
 14003 | D:11     | Noticed a two-headed ogre
 14011 | D:11     | Killed a two-headed ogre
 14025 | D:11     | Noticed a two-headed ogre
 14027 | D:11     | Killed a two-headed ogre
 14137 | D:11     | Noticed a boulder beetle
 14139 | D:11     | Banished a boulder beetle
 14185 | D:11     | Noticed Josephine
 14295 | D:11     | Noticed a boulder beetle
 14313 | D:11     | Banished a boulder beetle
 14366 | D:11     | Reached skill level 5 in Armour
 14747 | D:11     | Noticed Grum
 14798 | D:11     | Killed Grum
 14832 | D:11     | Reached XP level 13. HP: 98/102 MP: 14/19
 14905 | D:11     | Killed Josephine
 15349 | D:11     | Learned a level 3 spell: Dazzling Flash
 15558 | D:12     | Reached skill level 7 in Stealth
 15974 | D:12     | Reached skill level 1 in Conjurations
 16126 | D:12     | Noticed Fannar
 16154 | D:12     | Killed Fannar
 16161 | D:12     | Identified 2 scrolls of acquirement
 16161 | D:12     | Acquired the +0 barding of Lucidity {Drain Int+5 Dex+2
                  | Stlth+}
 16174 | D:12     | Acquired the +0 barding of Qutasi {rF+ Int+4 Dex+3 Stlth+}
 16270 | D:12     | Noticed Sonja
 16273 | D:12     | Killed Sonja
 16546 | Lair:1   | Entered Level 1 of the Lair of Beasts
 16617 | Lair:1   | Reached skill level 5 in Invocations
 16685 | Lair:1   | You fall into a shaft and drop 1 floor!
 17122 | Lair:2   | Reached skill level 8 in Stealth
 17188 | Lair:2   | Reached skill level 5 in Fighting
 18108 | Lair:3   | Found a staircase to the Snake Pit.
 18404 | Lair:3   | Reached ****** piety under Dithmenos
 18425 | Lair:3   | Found a staircase to the Swamp.
 18756 | Lair:3   | Reached XP level 14. HP: 109/114 MP: 17/20
 18880 | Lair:3   | Reached skill level 5 in Transmutations
 18937 | Lair:4   | Reached skill level 9 in Stealth
 19990 | Lair:5   | Entered Level 5 of the Lair of Beasts
 20098 | Lair:5   | Found a staircase to the Slime Pits.
 20260 | Lair:5   | Reached skill level 10 in Stealth
 21010 | Lair:5   | Found a viscous altar of Jiyva.
 21722 | Lair:1   | Found a hide-covered altar of Uskayaw.
 21723 | Lair:1   | Found an ornate altar of the Wu Jian Council.
 22267 | Orc:1    | Entered Level 1 of the Orcish Mines
 22275 | Orc:1    | Found Huiked's Assorted Antiques.
 22353 | Orc:1    | Paralysed by an orc sorcerer for 2 turns
 22410 | Orc:1    | Bought a potion of might for 92 gold pieces
 22904 | Orc:2    | Entered Level 2 of the Orcish Mines
 22908 | Orc:2    | Found Zeenilap's Book Emporium.
 23962 | Orc:2    | Noticed an orc warlord
 23971 | Orc:2    | Banished an orc warlord
 24084 | Orc:2    | Found a staircase to the Elven Halls.
 24105 | Orc:2    | Reached XP level 15. HP: 116/129 MP: 13/21
 24161 | Orc:2    | Found Zeiximp's General Store.
 24237 | Orc:2    | Found Tabbagequ's Antique Weapon Shop.
 24404 | Orc:2    | Reached skill level 5 in Evocations
 24707 | Orc:2    | Found Gatwy's Antique Armour Emporium.
 24720 | Orc:2    | Bought the +5 Storm Queen's Shield {shock, Fly rElec} for
                  | 1231 gold pieces
 24720 | Orc:2    | Found the +5 Storm Queen's Shield {shock, Fly rElec}
 24731 | Orc:2    | Bought an agate-encrusted chain mail for 256 gold pieces
 24731 | Orc:2    | Identified the +0 chain mail of Death's Door {Rampage *Slow
                  | Dex+7} (You bought it in a shop on level 2 of the Orcish
                  | Mines)
 24732 | Orc:2    | Bought a spiked chain mail for 256 gold pieces
 24732 | Orc:2    | Identified the +4 chain mail of Waymid {rPois rC+ Dex+2}
                  | (You bought it in a shop on level 2 of the Orcish Mines)
 25127 | D:13     | Identified the +9 whip "Lepagy" {freeze, SInv}
 25136 | D:13     | Identified the +3 pair of gloves of the Untouchables {rF+
                  | Stlth+}
 25494 | D:13     | Found a gate to the Vaults.
 25821 | D:14     | Reached skill level 5 in Spellcasting
 26000 | D:14     | Found a glowing golden altar of the Shining One.
 26220 | D:14     | Found a snail-covered altar of Cheibriados.
 26355 | D:15     | Entered Level 15 of the Dungeon
 26377 | D:15     | Reached skill level 11 in Stealth
 26676 | D:15     | Found a stormy altar of Qazlal.
 26758 | D:15     | Found a staircase to the Depths.
 26887 | D:15     | Found Nazxoj's Antique Weapon Shop.
 27377 | Snake:1  | Entered Level 1 of the Snake Pit
 27452 | Snake:1  | Identified the -1 buckler "Oheh" {rC+}
 27599 | Snake:1  | Noticed Nikola
 27602 | Snake:1  | Identified Roxanne's Almanac of Erosion
 27602 | Snake:1  | Noticed Roxanne
 27603 | Snake:1  | Killed Nikola
 27614 | Snake:1  | Noticed Agnes
 28063 | Snake:1  | Learned a level 3 spell: Swiftness
 28115 | Snake:1  | Killed Agnes
 28116 | Snake:1  | Reached XP level 16. HP: 133/138 MP: 24/24
 28432 | Snake:1  | Banished Roxanne
 29070 | Snake:2  | Reached skill level 10 in Invocations
 29232 | Snake:2  | Learned a level 5 spell: Yara's Violent Unravelling
 29913 | Snake:3  | Reached skill level 12 in Stealth
 29942 | Snake:3  | Reached skill level 10 in Armour
 29953 | Snake:3  | Noticed Asterion
 29975 | Snake:3  | Killed Asterion
 30203 | Snake:3  | Reached skill level 5 in Shields
 30237 | Snake:3  | Noticed Aizul
 30257 | Snake:3  | Killed Aizul
 30902 | Snake:4  | Entered Level 4 of the Snake Pit
 31498 | Snake:4  | Noticed Mlioglotl
 31514 | Snake:4  | Killed Mlioglotl
 31515 | Snake:4  | Reached skill level 10 in Fighting
 31607 | Snake:4  | Noticed Donald
 31610 | Snake:4  | Donald changed into Donald the ice dragon
 31610 | Snake:4  | Noticed Donald
 31630 | Snake:4  | Killed Donald the ice dragon
 31760 | Snake:4  | Reached XP level 17. HP: 144/149 MP: 15/26
 31938 | Snake:4  | Noticed Saint Roka
 32104 | Snake:4  | Killed Saint Roka
 33247 | Snake:4  | Got a serpentine rune of Zot
 33460 | Swamp:1  | Entered Level 1 of the Swamp
 33505 | Swamp:1  | Paralysed by a fenstrider witch for 4 turns
 33515 | Swamp:1  | Paralysed by a fenstrider witch for 3 turns
 33528 | Swamp:1  | Paralysed by a fenstrider witch for 3 turns
 33693 | Swamp:1  | Identified the +5 dagger of the Telling Rat {speed, Will++
                  | Dex+4}
 34339 | Swamp:2  | Noticed Jorgrun
 34379 | Swamp:2  | Killed Jorgrun
 34380 | Swamp:2  | Reached skill level 10 in Shields
 34693 | Swamp:2  | Noticed Louise
 34700 | Swamp:2  | Killed Louise
 35487 | Swamp:3  | Reached XP level 18. HP: 157/157 MP: 28/28
 35769 | Swamp:4  | Entered Level 4 of the Swamp
 36364 | Swamp:4  | Noticed the 27-headed Lernaean hydra
 36373 | Swamp:4  | Killed the 27-headed Lernaean hydra
 36459 | Swamp:4  | Reached skill level 15 in Armour
 36718 | Swamp:4  | Got a decaying rune of Zot
 37308 | Elf:1    | Entered Level 1 of the Elven Halls
 37580 | Elf:1    | Got the Atlas of Percussion
 38686 | Elf:2    | Found Vaorupt's Assorted Antiques.
 38702 | Elf:2    | Bought a scroll labelled JARUSA YGRIOS for 30 gold pieces
 38934 | Elf:2    | Found a runed translucent gate.
 38935 | Elf:2    | Found a runed translucent gate.
 38935 | Elf:2    | Found a runed translucent gate.
 39073 | Elf:3    | Entered Level 3 of the Elven Halls
 39112 | Elf:3    | Found Rub Ehao's General Store.
 39142 | Elf:3    | Bought a potion of curing for 51 gold pieces
 39282 | Elf:3    | Found Otokost's Book Shop.
 39643 | Elf:3    | Noticed a Brimstone Fiend
 39649 | Elf:3    | Noticed a Hell Sentinel
 39717 | Elf:3    | Found Waih's General Store.
 39725 | Elf:3    | Bought a potion of curing for 48 gold pieces
 39990 | Elf:3    | Found Iveraog's Antique Weapon Emporium.
 40214 | Elf:3    | Reached XP level 19. HP: 156/166 MP: 31/31
 40779 | Elf:3    | Identified the +1 dire flail "Killer Klown's Curse"
                  | {antimagic, rElec rF++ SInv Stlth-}
 40785 | Abyss:3  | Found a corrupted altar of Lugonu.
 40785 | Abyss:3  | Cast into level 3 of the Abyss (a deep elf demonologist)
 40993 | Elf:3    | Escaped the Abyss
 41233 | Abyss:4  | Found a corrupted altar of Lugonu.
 41233 | Abyss:4  | Cast into level 4 of the Abyss (a deep elf sorcerer)
 41286 | Elf:3    | Escaped the Abyss
 41764 | Elf:3    | Identified the +8 dagger of Fate {heavy, Fly Will+ Int+2
                  | SInv}
 41801 | Elf:3    | Identified the +3 spear of Breach {heavy, *Noise +Blink
                  | rF+++ Dex-3}
 41801 | Elf:3    | Identified the ring "Qynygiycw" {rF+ Dex+3}
 41818 | Elf:3    | Found the +9 scales of the Dragon King {rPois rF+ rC+
                  | Will+}
 41914 | Elf:3    | Got Polegyla's Grimoire of Leaden Destruction
 41925 | Elf:3    | Got the Compendium of Imprecation
 41927 | Elf:3    | Got the Directory of the Inferno and Transportation
 41933 | Elf:3    | Identified the ring of Odusm {Wiz rF- rCorr Dex-3 Slay+4}
 41934 | Elf:3    | Identified the +1 leather armour of the Tarantula {rF+
                  | Str-4 SInv Stlth+}
 41946 | Elf:3    | Identified the +1 chain mail of Viwecvoe {rCorr}
 42225 | Elf:3    | Got Miatu's Directory of Guile and Cryomancy
 43118 | D:15     | Bought a transparent scimitar for 216 gold pieces
 43118 | D:15     | Identified the +7 scimitar of Ramnabb {flame, rElec} (You
                  | bought it in a shop on level 15 of the Dungeon)
 43191 | Vaults:1 | Entered Level 1 of the Vaults
 44055 | Vaults:1 | Noticed Zenata
 44066 | Vaults:1 | Killed Zenata
 44067 | Vaults:1 | Reached skill level 15 in Fighting
 44243 | Vaults:1 | Reached XP level 20. HP: 158/190 MP: 32/32
 44753 | Vaults:2 | Noticed Mennas
 44762 | Vaults:2 | Banished Mennas
 44924 | Vaults:2 | Found a staircase to the Crypt.
 44924 | Vaults:2 | Found a basalt altar of Yredelemnul.
 44924 | Vaults:2 | Found an ancient bone altar of Kikubaaqudgha.
 45427 | Vaults:2 | Found Dabeczo's Antique Weapon Shoppe.
 45510 | Vaults:2 | Noticed Bai Suzhen
 45747 | Vaults:2 | Banished Bai Suzhen
 46432 | Vaults:3 | Reached skill level 15 in Shields
 47677 | Vaults:4 | Found a magical portal.
 47687 | WizLab   | Entered Maxwell's Workshop
 47782 | WizLab   | Identified the ring of Plog {Fire Fly rElec}
 47951 | WizLab   | Reached skill level 10 in Evocations
 47955 | WizLab   | Reached skill level 13 in Stealth
 47976 | WizLab   | Reached XP level 21. HP: 127/204 MP: 33/33
 48270 | WizLab   | Identified the ring "Cise" {Fly rElec rF+ SInv}
 49505 | Vaults:4 | Paralysed by a great orb of eyes for 2 turns
 49760 | Vaults:4 | Identified the +1 robe of Conscience {*Slow rElec Will++
                  | Int+2}
 49914 | Vaults:4 | Found Maagayho's Book Boutique.
 50865 | Lair:5   | Found a large runed translucent door.
 50865 | Lair:5   | Found a large runed translucent door.
 51507 | Elf:1    | Identified the +1 scale mail of the Salmon {rElec rPois}
 52106 | Depths:1 | Entered Level 1 of the Depths
 52172 | Depths:1 | Found a shimmering blue altar of Sif Muna.
 52196 | Depths:1 | Found a one-way gateway to a ziggurat.
 52411 | Depths:1 | Found a gateway to Hell.
 52517 | Depths:1 | Found Fiogong's Antique Weapon Shoppe.
 52634 | Depths:1 | Reached skill level 5 in Dodging
 52811 | Depths:1 | Paralysed by a floating eye for 2 turns
 53312 | Elf:3    | Bought an Inescapable Atlas for 320 gold pieces
 53317 | Elf:3    | Learned a level 4 spell: Manifold Assault
 54417 | Depths:2 | Reached skill level 1 in Long Blades
 54512 | Depths:2 | Found Kemecvut's Book Emporium.
 54584 | Depths:2 | Reached skill level 15 in Evocations
 54600 | Depths:2 | Reached XP level 22. HP: 121/212 MP: 32/34
 54844 | Depths:2 | Found a one-way gate leading to the halls of Pandemonium.
 54900 | Depths:2 | Reached skill level 5 in Translocations
 54951 | Depths:2 | You are sucked into a shaft and drop 1 floor!
 55332 | Depths:3 | Found a one-way gate to the infinite horrors of the Abyss.
 55417 | Depths:2 | Noticed a dread lich
 55540 | Depths:3 | Noticed Xtahua
 55545 | Depths:3 | Banished Xtahua
 55761 | Depths:3 | Found a runed translucent gate.
 55761 | Depths:3 | Found a runed translucent gate.
 55761 | Depths:3 | Found a runed translucent gate.
 55761 | Depths:3 | Found an ancient bone altar of Kikubaaqudgha.
 55762 | Depths:3 | Noticed Guhiopysh's ghost (adept TrMo)
 55762 | Depths:3 | Noticed a dread lich
 55762 | Depths:3 | Noticed an ancient lich
 55762 | Depths:3 | Noticed an ancient lich
 56139 | Depths:3 | Noticed a golden dragon
 56139 | Depths:3 | Noticed Boris
 56141 | Depths:3 | Killed Boris
 56157 | Depths:3 | Banished a golden dragon
 56255 | Depths:3 | Noticed a golden dragon
 56299 | Depths:3 | Killed a golden dragon
 56616 | Depths:3 | Noticed a golden dragon
 56619 | Depths:3 | Killed a golden dragon
 56759 | Depths:3 | Noticed a juggernaut
 56759 | Depths:3 | Noticed a golden dragon
 56763 | Depths:3 | Killed a golden dragon
 56764 | Depths:3 | Killed a juggernaut
 56778 | Depths:3 | Noticed a caustic shrike
 56781 | Depths:3 | Killed a caustic shrike
 56834 | Depths:3 | Noticed a golden dragon
 56843 | Depths:3 | Banished a golden dragon
 57220 | Depths:4 | Entered Level 4 of the Depths
 57269 | Depths:4 | Reached skill level 5 in Long Blades
 57463 | Depths:4 | Found a shadowy altar of Dithmenos.
 57914 | Depths:4 | Found a gate to the Realm of Zot.
 57914 | Depths:4 | Noticed a golden dragon
 57916 | Depths:4 | Killed a golden dragon
 58003 | Depths:4 | Identified the +1 leather armour of the Immovable Songs
                  | {rF+ Int+3}
 58586 | Depths:3 | Voluntarily entered the Abyss.
 58606 | Abyss:4  | Noticed a dread lich
 58615 | Depths:3 | Escaped the Abyss
 59300 | Depths:3 | Paralysed by a dread lich for 4 turns
 59326 | Depths:3 | HP: 4/150 [Ice Fiend/bolt of cold[a dread lich] (30)]
 59330 | Depths:3 | Killed a dread lich
 59548 | Depths:2 | Reached XP level 23. HP: 160/171 MP: 35/35
 59548 | Depths:2 | Reached skill level 10 in Translocations
 59548 | Depths:2 | Reached XP level 24. HP: 169/180 MP: 35/35
 59548 | Depths:2 | Reached XP level 25. HP: 176/188 MP: 35/35
 59657 | Depths:2 | Got Kikubaaqudgha's Handbook of Lamentation
 60160 | Depths:2 | Reached skill level 10 in Long Blades
 60597 | Depths:2 | Gained mutation: You occasionally lose the ability to read
                  | scrolls when taking damage. [a cacodemon]
 60675 | Depths:2 | Lost mutation: You occasionally lose the ability to read
                  | scrolls when taking damage. [potion of mutation]
 60675 | Depths:2 | Gained mutation: You expend magic power (3 MP) to
                  | strengthen your wands. [potion of mutation]
 60675 | Depths:2 | Gained mutation: You are vulnerable to cold. (rC-) [potion
                  | of mutation]
 60675 | Depths:2 | Gained mutation: You are frail. (-10% HP) [potion of
                  | mutation]
 60675 | Depths:2 | Gained mutation: You passively dampen the noise of your
                  | surroundings. [potion of mutation]
 60675 | Depths:2 | Gained mutation: You are agile. (Dex +4, Str/Int -1)
                  | [potion of mutation]
 60676 | Depths:2 | Lost mutation: You are agile. (Dex +4, Str/Int -1) [potion
                  | of mutation]
 60676 | Depths:2 | Lost mutation: You are frail. (-10% HP) [potion of
                  | mutation]
 60676 | Depths:2 | Lost mutation: You are vulnerable to cold. (rC-) [potion of
                  | mutation]
 60676 | Depths:2 | Lost mutation: You expend magic power (3 MP) to strengthen
                  | your wands. [potion of mutation]
 60676 | Depths:2 | Lost mutation: You passively dampen the noise of your
                  | surroundings. [potion of mutation]
 60676 | Depths:2 | Gained mutation: Your body sometimes deteriorates upon
                  | taking damage. [potion of mutation]
 60676 | Depths:2 | Gained mutation: Your body often deteriorates upon taking
                  | damage. [potion of mutation]
 60676 | Depths:2 | Gained mutation: You are frail. (-10% HP) [potion of
                  | mutation]
 60676 | Depths:2 | Gained mutation: You have hidden genetic potential. [potion
                  | of mutation]
 60696 | Depths:2 | Found a burning altar of Makhleb.
 60722 | Depths:2 | Identified the +6 rapier "Arbiter" {antimagic, rPois rC+}
 60726 | Depths:2 | Identified the +3 quarterstaff "Tekics" {antimagic, rC+}
 60794 | Depths:2 | Identified the +4 demon trident of Wondrous Power {vamp,
                  | Fly Will+ SInv Stlth-}
 61110 | Depths:2 | Voluntarily entered the Abyss.
 61149 | Abyss:4  | Found a corrupted altar of Lugonu.
 61323 | Abyss:4  | Found a corrupted altar of Lugonu.
 61333 | Abyss:4  | Reached skill level 14 in Stealth
 61338 | Abyss:4  | Got an abyssal rune of Zot
 61656 | Depths:2 | Escaped the Abyss
 62395 | Slime:1  | Entered Level 1 of the Pits of Slime
 62604 | Slime:2  | Noticed Dissolution
 62621 | Slime:1  | Killed Dissolution
 63154 | Depths:2 | Bought a book of Blood for 476 gold pieces
 63157 | Depths:2 | Learned a level 2 spell: Wereblood
 63493 | Slime:1  | Reached skill level 15 in Stealth
 63632 | Slime:2  | Reached skill level 16 in Stealth
 64582 | Slime:5  | Entered Level 5 of the Pits of Slime
 64638 | Slime:5  | Gained mutation: Your spells are a little easier to cast,
                  | but a little less powerful. [a shining eye]
 64649 | Slime:5  | Noticed the Royal Jelly
 64657 | Slime:5  | Reached skill level 17 in Stealth
 66187 | Slime:5  | Found a viscous altar of Jiyva.
 66190 | Slime:5  | Found the +11 Singing Sword {sonic wave}
 66447 | Slime:5  | Killed the Royal Jelly
 66451 | Slime:5  | Reached skill level 18 in Stealth
 66969 | Slime:5  | Identified the +6 war axe of Debt {flame, Int+5}
 67023 | Slime:5  | Got a slimy rune of Zot
 67054 | Slime:5  | Identified the amulet "Lyg Boox" {Spirit +Blink rCorr}
 67085 | Slime:5  | Identified the +5 scale mail "Ewku" {rF+}
 67089 | Slime:5  | Identified the +0 pair of gloves of Xaucsuem {Int+4}
 67108 | Slime:5  | Got the Almanac of United Dark Liturgies
 67611 | Zot:1    | Entered Level 1 of the Realm of Zot
 68666 | Zot:2    | Noticed an orb of fire
 68673 | Zot:2    | Killed an orb of fire
 68827 | Zot:2    | Found a transporter.
 68827 | Zot:2    | Found a transporter.
 68829 | Zot:2    | Found a transporter.
 68830 | Zot:2    | Found a transporter.
 69094 | Zot:2    | Reached XP level 26. HP: 221/221 MP: 35/35
 69263 | Zot:2    | Reached skill level 19 in Stealth
 69263 | Zot:2    | Identified the +1 pair of gloves of Arrio {rF+}
 69827 | Zot:1    | Gained mutation: You have a pair of small horns on your
                  | head. [hidden potential]
 69925 | Zot:1    | Lost mutation: You have hidden genetic potential. [potion
                  | of mutation]
 69925 | Zot:1    | Lost mutation: Your body often deteriorates upon taking
                  | damage. [potion of mutation]
 69925 | Zot:1    | Lost mutation: You have a pair of small horns on your head.
                  | [potion of mutation]
 69925 | Zot:1    | Lost mutation: Your body sometimes deteriorates upon taking
                  | damage. [potion of mutation]
 69925 | Zot:1    | Gained mutation: You sometimes lose your temper in combat.
                  | [potion of mutation]
 69925 | Zot:1    | Gained mutation: Your system is resistant to poisons.
                  | (rPois) [potion of mutation]
 69926 | Zot:1    | Lost mutation: Your system is resistant to poisons. (rPois)
                  | [potion of mutation]
 69926 | Zot:1    | Lost mutation: You sometimes lose your temper in combat.
                  | [potion of mutation]
 69926 | Zot:1    | Lost mutation: You are frail. (-10% HP) [potion of
                  | mutation]
 69926 | Zot:1    | Lost mutation: Your spells are a little easier to cast, but
                  | a little less powerful. [potion of mutation]
 69926 | Zot:1    | Gained mutation: You have a pair of small horns on your
                  | head. [potion of mutation]
 69926 | Zot:1    | Gained mutation: You are somewhat resistant to further
                  | mutation. [potion of mutation]
 71173 | Zot:3    | Noticed Parghit
 71213 | Zot:3    | Killed Parghit
 71214 | Zot:3    | Reached skill level 20 in Stealth
 72899 | Zot:4    | Reached skill level 21 in Stealth
 74489 | Zot:5    | Entered Level 5 of the Realm of Zot
 74879 | Zot:4    | Reached skill level 22 in Stealth
 75600 | Zot:5    | Noticed an orb of fire
 75610 | Zot:5    | Reached XP level 27. HP: 241/251 MP: 32/35
 75612 | Zot:5    | Noticed an orb of fire
 75613 | Zot:5    | Gained mutation: You occasionally lose the ability to drink
                  | potions when taking damage. [an orb of fire]
 75614 | Zot:5    | Killed an orb of fire
 75615 | Zot:5    | Reached skill level 23 in Stealth
 75616 | Zot:5    | Noticed an orb of fire
 75621 | Zot:5    | Noticed a dread lich
 75622 | Zot:5    | Gained mutation: You are weak. (Str -2) [an orb of fire]
 75629 | Zot:5    | Noticed an ancient lich
 75631 | Zot:5    | Killed an orb of fire
 75635 | Zot:5    | Noticed an ancient lich
 75642 | Zot:5    | Noticed an ancient lich
 76113 | Zot:5    | Killed an ancient lich
 76592 | Zot:5    | Killed an orb of fire
 77176 | Zot:5    | Killed an ancient lich
 78165 | Zot:5    | Reached skill level 24 in Stealth
 78357 | Zot:5    | Killed an ancient lich
 80162 | Zot:5    | Killed a dread lich
 80355 | Zot:5    | Got the Orb of Zot
 80965 | D:$      | Escaped with the Orb!

Illustrated notes

Levels and vault maps discovered:
D:1:      wander_arrival_desolate, layout_basic, serial_bayou,
          serial_bayou_lagoon_b, serial_bayou_pond_d, serial_bayou_shore_b,
          serial_bayou_crossing, serial_bayou_pond_d,
          dreamdust_ecumenical_altar_statues
D:2:      layout_basic, serial_forest, infiniplex_forest_lined_4_way,
          infiniplex_forest_end_2, infiniplex_forest_corner_1,
          infiniplex_forest_end_3, infiniplex_forest_straight_2,
          infiniplex_forest_zigzag_2, infiniplex_forest_corner_1,
          infiniplex_forest_lined_2, infiniplex_forest_zigzag_1,
          infiniplex_forest_end_1, serial_bayou_pond_e
D:3:      kb_forest_paths, layout_basic, trog_three_pillars_becter,
          okawaru_metal_pillars_1_2
D:4:      layout_basic, nicolae_ru_sacrificial_ziggurat, uniq_ijyb
D:5:      kennysheep_kobold_camp, layout_loops_corners, zin_statuary,
          nicolae_uskayaw_suspiria, minmay_temple_entry_sparse_star,
          minmay_holes, minmay_misc_feat_enclosed, minmay_manual_mess
D:6:      layout_basic, mainiacjoe_overflow_catch_the_wave,
          ebering_ghost_rock_garden, serial_shops, nicolae_square_shop,
          guppyfry_early_elven_hall
D:7:      minmay_razor_zed, layout_loops_ring, enter_bailey_6, serial_demonic,
          serial_demonic_e, serial_demonic_c, serial_demonic_f,
          serial_demonic_f, minivault_25, chequers_decorated_corner
D:8:      layout_layer_cave, tgw_fedhas, minmay_misc_feat_encased,
          nicolae_zen_rock_garden, uniq_gastronok, uniq_psyche
D:9:      layout_stronghold
D:10:     layout_stronghold, erik_lair_orcish_takeover, orc_0_dummy
D:11:     minmay_the_grid_square_5x5_3x3
          [minmay_the_grid_square_5x5_inverted_slash,
          minmay_the_grid_square_5x5_bite, minmay_the_grid_square_5x5_minivault,
          minmay_the_grid_square_5x5_seven,
          minmay_the_grid_square_5x5_megaprize_diamond,
          minmay_the_grid_square_5x5_inner_i, minmay_the_grid_square_5x5_corner,
          minmay_the_grid_square_5x5_shuriken, minmay_the_grid_square_5x5_mess],
          layout_long_grid, serial_rivers, chequers_serial_rivers_small_b,
          chequers_serial_rivers_small_b, chequers_serial_rivers_micro_e,
          chequers_serial_rivers_small_3, chequers_serial_rivers_micro_a,
          kennysheep_minor_cross, uniq_grum, uniq_josephine
D:12:     layout_loops_ring, uniq_fannar, uniq_sonja
D:13:     layout_rooms, david_vaults_1, amethyst_killhole
D:14:     layout_cave_pools, tso_metal_star, serial_undead, serial_undead_d,
          serial_undead_b, serial_undead_e, serial_undead_f, serial_undead_f,
          cheibrodos_worm_habitat
D:15:     gammafunk_depths_entry_grave, layout_small_grid, serial_shops, shop,
          nicolae_qazlal_style_of_elements
Temple:   zaba_magenta_temple
Lair:1:   layout_loops_ring, serial_bayou_ford_a, nicolae_quartered_pool_super,
          nzn_masters_of_martial_movement, grunt_megastairs_3
Lair:2:   layout_cave_pods, nicolae_lair_liquid_snakes,
          infiniplex_staircase_pool
Lair:3:   layout_chaotic_city, swamp_mist_pool, minmay_snake_entry_six_corridors
Lair:4:   layout_cellular_growth, beast_lair_carwin_6
Lair:5:   cheibrodos_lair_end_hotspot, layout_cave_pods,
          nicolae_slime_entry_slimehenge, serial_bayou_shore_a,
          lemuel_fruit_tree
Swamp:1:  layout_basic_swamp, nicolae_swamp_oxbows, swamp_pool2,
          nicolae_swamp_snake_nest
Swamp:2:  layout_basic_swamp, hangedman_swamp_ruin_wall, uniq_jorgrun,
          uniq_louise
Swamp:3:  layout_falls_marsh, evilmike_swamp_ruin_house_4,
          nicolae_swamp_vermiculated
Swamp:4:  swamp_old_school, layout_basic_swamp, swamp_pool4, worms_lemuel
Snake:1:  hangedman_cross_stitches, layout_misc_corridors, uniq_agnes,
          uniq_nikola, uniq_roxanne
Snake:2:  layout_chambers, serial_bayou_shore_b
Snake:3:  layout_misc_corridors, uniq_asterion, uniq_aizul
Snake:4:  snake_pit, layout_misc_corridors, uniq_saint_roka, uniq_mlioglotl,
          uniq_donald
Slime:1:  cheibrodos_slime_lost_civilization_3, layout_caves
Slime:2:  layout_caves, basic_altar, uniq_dissolution
Slime:3:  layout_caves, dissolution_awaits
Slime:4:  layout_caves
Slime:5
Orc:1:    layout_diamond_mine, basic_altar, serial_shops,
          nicolae_shop_hallway_plus
Orc:2:    grunt_orc_gardens, layout_caves, grunt_orc_garden, grunt_orc_garden,
          grunt_orc_garden, grunt_orc_garden, lemuel_statue_altar,
          nicolae_orc_lava_tube
Elf:1:    nicolae_elf_arrival_fired_up, layout_geoelf_grid, minmay_elf_sorcery,
          due_unseen_surprise
Elf:2:    nicolae_elf_blades_splatter_lattice [nicolae_blade_tridents],
          layout_loops_cross, serial_shops, nicolae_square_shop
Elf:3:    elf_hall, layout_loops_corners, serial_shops, nicolae_lakefront_shop,
          nicolae_shop_crystal, shop, nicolae_diamond_shop, onia_ninara_cookie
Vaults:1: hangedman_vaults_capsules, v_misc_8, ontoclasm_vaults_hangar,
          v_alt_pattern_6, hangedman_vaults_maws, grunt_vaults_focal,
          layout_vaults_quadrants, uniq_zenata
Vaults:2: vaults_room_door_ring, minmay_crypt_entry_necro_gods,
          nicolae_vaults_alarming, nicolae_vaults_network_s,
          hangedman_vaults_nails, vaults_mumra_bighexcomb, v_misc_5,
          vaults_room_stairs_pillars, vaults_dpeg_cross, layout_vaults_ring,
          serial_shops, nicolae_shop_waterfront, uniq_bai_suzhen, uniq_mennas
Vaults:3: hangedman_vaults_corner_blocks, hangedman_vaults_river_flow,
          vaults_room_pools, nicolae_vaults_network_square, grunt_vaults_twisty,
          vaults_mumra_minichess_inversion, ontoclasm_vaults_eye,
          vaults_dpeg_diagonal, ontoclasm_vaults_ring_square, v_misc_15,
          grunt_vaults_hallway_long, layout_vaults_big_room
Vaults:4: mu_enter_wizlab_2, v_misc_11, hangedman_vaults_unwind, st_check,
          ontoclasm_vaults_ring_large, vaults_mumra_chevron_long,
          ontoclasm_vaults_fault, v_rooms_2, v_misc_33, layout_vaults_omnicross,
          serial_shops, nicolae_shop_trees
Depths:1: layout_cave_shapes, enter_ziggurat_e, hellmouth_3, serial_shops,
          nicolae_lakefront_shop, minmay_crystal_room, led_sif_pool
Depths:2: evilmike_makhleb_hellhole, layout_gridlike, rand_demon_pan_entry_5,
          serial_shops, shop, abyss_entry_small_statue_room, hell_entry,
          special_room [special_room_morgue], drop_trap
Depths:3: cell_vault, layout_gridlike, hangedman_abyss_entry_splay,
          gammafunk_ghost_crypt, chequers_serial_rivers_micro_a,
          grunt_pan_entry_in_and_out, grunt_hell_entry_dis_old, uniq_xtahua,
          uniq_boris
Depths:4: evilmike_zot_entry_argh, layout_small_grid, pf_hell_entry_tar_spiral,
          serial_rivers, chequers_serial_rivers_room_a,
          chequers_serial_rivers_large_a, chequers_serial_rivers_small_3,
          chequers_serial_rivers_micro_c, chequers_serial_rivers_micro_e,
          grunt_dithmenos_smoke_and_mirrors
Zot:1:    layout_onion
Zot:2:    evilmike_crystal_ball_defense, layout_misc_corridors,
          nicolae_diode_quadrants
Zot:3:    layout_gridville, uniq_parghit
Zot:4:    layout_cathedral_of_symmetry
Zot:5:    layout_gridlike, bh_zot_ikea_curve

Skill      XL: |  1  2  3  4  5  6  7  8  9 10 11 12 13 14 15 16 17 18 19 20 21 22 23 24 25 26 27 |
---------------+----------------------------------------------------------------------------------+-----
Short Blades   | 1 2 3 5 6 11 | 11.8
Hexes          | 3 4 6 8 14 | 14.1
Stealth        | 4 5 6 8 10 11 12 13 18 22 24 | 24.8
Ice Magic      | 1 2 3 4 5 6 |  6.0
Spellcasting   | 2 4 5 6 7 8 |  8.0
Armour         | 3 5 7 9 11 14 15 18 20 22 23 | 23.3
Invocations    | 2 4 6 8 9 10 | 10.0
Evocations     | 2 4 6 8 9 10 15 16 | 16.0
Fighting       | 2 3 5 7 8 10 15 17 | 17.0
Translocations | 1 3 4 9 10 11 12 | 12.0
Shields        | 1 3 4 7 11 14 15 | 15.0
Earth Magic    | 2 3 4 |  4.0
Transmutations | 2 4 5 6 7 8 9 |  9.0
Conjurations   | 3 |  3.0
Dodging        | 3 4 5 7 |  7.0
Long Blades    | 1 7 8 12 14 | 14.3

Action                     |  1- 3 |  4- 6 |  7- 9 | 10-12 | 13-15 | 16-18 | 19-21 | 22-24 | 25-27 || total
---------------------------+-------+-------+-------+-------+-------+-------+-------+-------+-------++-------
  Melee: Dagger            |   137 |   102 |   348 |   694 |  1112 |  1379 |  2065 |   817 |   217 ||  6871
         Tailslap          |    14 |    13 |    56 |   108 |   189 |   254 |   494 |   228 |   331 ||  1687
         Punch             |     1 |     2 |     5 |     8 |       |       |       |       |       ||    16
         Demon blade       |       |       |       |       |       |       |       |       |  1868 ||  1868
         Headbutt          |       |       |       |       |       |       |       |       |   219 ||   219
         Double sword      |       |       |       |       |       |       |       |       |    55 ||    55
  Throw: Throwing net      |       |       |       |       |       |       |       |       |     1 ||     1
   Cast: Ensorcelled Hiber |     7 |    20 |    48 |    88 |   171 |   263 |    64 |     5 |       ||   666
         Ozocubu's Armour  |       |       |     1 |     1 |       |       |     1 |       |       ||     3
         Confusing Touch   |       |       |     2 |    10 |     4 |       |       |       |       ||    16
         Tukima's Dance    |       |       |     2 |    19 |    20 |    12 |     6 |       |       ||    59
         Passwall          |       |       |       |       |    13 |     8 |     6 |     1 |    11 ||    39
         Dazzling Flash    |       |       |       |       |     1 |       |       |       |       ||     1
         Yara's Violent Un |       |       |       |       |       |     3 |     9 |     4 |     8 ||    24
         Manifold Assault  |       |       |       |       |       |       |    24 |       |   478 ||   502
         Wereblood         |       |       |       |       |       |       |       |       |    10 ||    10
 Invoke: Shadow Step       |       |       |       |       |     2 |       |       |       |     1 ||     3
  Evoke: Wand              |       |       |       |     1 |     1 |     9 |     3 |     3 |    15 ||    32
         Phial of floods   |       |       |       |       |       |     1 |     1 |       |       ||     2
         Piece from Xom's  |       |       |       |       |       |     1 |       |       |       ||     1
         Phantom mirror    |       |       |       |       |       |       |     3 |     1 |     1 ||     5
         Condenser vane    |       |       |       |       |       |       |     4 |     2 |     7 ||    13
         Box of beasts     |       |       |       |       |       |       |     3 |       |     7 ||    10
         Tin of tremorston |       |       |       |       |       |       |     2 |     1 |     8 ||    11
    Use: Scroll            |       |       |    11 |     7 |    18 |     5 |     3 |     1 |    27 ||    72
         Potion            |       |       |     1 |     6 |       |       |     3 |     5 |    29 ||    44
   Stab: Sleeping          |    11 |    22 |    31 |    65 |   190 |   174 |   116 |    30 |    53 ||   692
         Confused          |       |       |     1 |     7 |     4 |       |       |       |       ||    12
         Distracted        |       |       |       |     2 |     3 |     6 |    10 |     3 |    10 ||    34
         Invisible         |       |       |       |       |       |       |    19 |       |       ||    19
         Held in net/web   |       |       |       |       |       |       |       |       |     1 ||     1
 Armour: Robe              |    32 |    55 |   122 |   195 |       |       |    27 |       |       ||   431
         Troll leather arm |       |       |       |    60 |   322 |       |       |       |       ||   382
         Chain mail        |       |       |       |       |   120 |   494 |   676 |   242 |   671 ||  2203
  Dodge: Dodged            |    43 |    28 |    85 |   180 |   357 |   240 |   358 |   142 |   279 ||  1712
  Block: Buckler           |       |       |       |    69 |   157 |       |       |       |       ||   226
         Kite shield       |       |       |       |       |   151 |   948 |  1318 |   417 |   880 ||  3714

Table legend: (Time is in decaauts)
 A = Elapsed time spent in this place.
 B = Non-inter-level travel time spent in this place.
 C = Inter-level travel time spent in this place.
 D = Time resting spent in this place.
 E = Time spent auto-exploring this place.
 F = Levels seen in this place.
 G = Mean time per level.
                   A        B        C        D        E       F      G
               +--------+--------+--------+--------+--------+-----+--------+
         Total |  77657 |  68961 |   8696 |  17326 |  34847 |  59 | 1316.2 |
       Dungeon |  19921 |  16613 |   3308 |   2740 |  10247 |  15 | 1328.1 |
        Temple |    169 |    127 |     42 |     71 |     50 |   1 |  169.0 |
          Lair |   7074 |   5844 |   1230 |    763 |   3919 |   5 | 1414.8 |
         Swamp |   3498 |   3289 |    209 |    447 |   1893 |   4 |  874.5 |
     Snake Pit |   5815 |   5609 |    206 |    931 |   3018 |   4 | 1453.8 |
    Slime Pits |   3949 |   3741 |    208 |   1949 |    975 |   5 |  789.8 |
  Orcish Mines |   2986 |   2311 |    675 |    654 |   1115 |   2 | 1493.0 |
   Elven Halls |   5523 |   4791 |    732 |   1008 |   2467 |   3 | 1841.0 |
        Vaults |   6147 |   5498 |    649 |    552 |   3442 |   4 | 1536.8 |
        Depths |   8390 |   7384 |   1006 |   2064 |   3102 |   4 | 2097.5 |
           Zot |  12041 |  11614 |    427 |   5347 |   4275 |   5 | 2408.2 |
         Abyss |    755 |    755 |      0 |    276 |     29 |   5 |  151.0 |
        Bailey |    676 |    676 |      0 |    371 |     80 |   1 |  676.0 |
        Wizlab |    705 |    705 |      0 |    149 |    235 |   1 |  705.0 |
               +--------+--------+--------+--------+--------+-----+--------+

Top non-repeatable levels by time:
   Zot:5: 4608 daAuts
   Zot:4: 3176 daAuts
Depths:3: 3009 daAuts
   Elf:3: 2359 daAuts
    D:11: 2282 daAuts
 Snake:4: 2228 daAuts
Depths:2: 2176 daAuts
    D:10: 2019 daAuts
   Elf:2: 1980 daAuts
     D:8: 1929 daAuts
     D:5: 1912 daAuts
  Lair:5: 1830 daAuts
Depths:1: 1814 daAuts
Vaults:4: 1771 daAuts
   Zot:2: 1741 daAuts
